 Dungeon Crawl Stone Soup version 0.15-a0-1675-g4580af5 (webtiles) character file.

456 PolkaDot the Jinx (level 6, 0/41 HPs)
             Began as a Vampire Enchanter on June 24, 2014.
             Slain by an orc
             ... wielding a +2 trident
              (6 damage)
             ... on Level 4 of the Dungeon.
             The game lasted 00:16:16 (3423 turns).

PolkaDot the Jinx (Vampire Enchanter)               Turns: 3423, Time: 00:16:16

HP   0/41        AC  7     Str  7      XL: 6   Next: 77%
MP   1/10        EV 12     Int 19      God:
Gold 132         SH  0     Dex 14      Spells:  3 memorised,  3 levels left

rFire  . . .     SeeInvis +     a - +1 dagger
rCold  + + .     Clarity  .     b - +1 robe
rNeg   + + +     rCorr    +     (no shield)
rPois  +         rRot     +     (no helmet)
rElec  .         Spirit   .     (no cloak)
SustAb +         Warding  .     (no gloves)
rMut   .         Stasis   .     (no boots)
Gourm  .                        q - cursed amulet of resist corrosion
MR     .....                    r - +4 ring of protection
                                k - ring of sustain abilities

@: very slightly contaminated, bloodless, non-regenerating, not resistant to
hostile enchantments, stealthy
A: bottle blood, fangs 3, see invisible, unbreathing
a: Bat Form, Bottle Blood


You were on level 4 of the Dungeon.
You were bloodless.

You visited 1 branch of the dungeon, and saw 4 of its levels.

You collected 132 gold pieces.

Inventory:

Hand weapons
 a - a +1 dagger (weapon)
Missiles
 i - a throwing net (quivered)
Armour
 b - a +1 robe (worn)
Scrolls
 d - a scroll of recharging {unknown}
 e - a scroll of random uselessness {unknown}
 l - 3 scrolls of remove curse
 m - a scroll of immolation {unknown}
 n - a scroll of blinking {unknown}
 o - 3 scrolls of teleportation {unknown}
 t - a scroll of fear {unknown}
 w - a scroll of noise {unknown}
 x - a scroll of fog {unknown}
 z - a scroll of magic mapping {unknown}
Jewellery
 k - a ring of sustain abilities (left hand)
 q - a cursed amulet of resist corrosion (around neck)
 r - a +4 ring of protection (right hand)
Potions
 f - a potion of might
 g - a potion of resistance
 j - a potion of curing {unknown}
 p - a potion of mutation {unknown}
 s - a potion of lignification {unknown}
 u - a potion of brilliance {unknown}
 v - a potion of restore abilities {unknown}
Books
 c - a book of Maledictions

   Spells                             Type                      Level
   *Corona                            Hexes                        1
   Sure Blade                         Hexes/Charms                 2
   *Ensorcelled Hibernation           Hexes/Ice                    2
   *Confuse                           Hexes                        3
   Dazzling Spray                     Conjuration/Hexes            3
   Enslavement                        Hexes                        4


   Skills:
 - Level 4.1 Short Blades
 - Level 2.1 Dodging
 + Level 6.8 Stealth
 - Level 2.0 Spellcasting
 * Level 8.1 Hexes
 - Level 1.1 Ice Magic


You had 3 spell levels left.
You knew the following spells:

 Your Spells              Type           Power        Failure   Level  Hunger
a - Corona                Hex            ####...      1%          1    #......
c - Confuse               Hex            ####....     1%          3    ####...
d - Ensorcelled Hibernat  Hex/Ice        ###...       4%          2    ##.....


Dungeon Overview and Level Annotations

Branches:
Dungeon (4/15)
 Temple: D:4-7

Altars:
Cheibriados
Gozag
Zin

Shops:
D:4 :


Innate Abilities, Weirdness & Mutations

You do not heal naturally.
You can bottle blood from corpses.
You have razor-sharp teeth.*
You have supernaturally acute eyesight.
You can survive without breathing.*


Message History

The ogre resists.
The orc barely misses you.
Casting: Ensorcelled Hibernation
Confirm with . or Enter, or press ? or * to list all spells.
Aiming: Ensorcelled Hibernation
Press: ? - help, Shift-Dir - straight line, f/p - ogre
Aim: an ogre, wielding a giant club (moderately wounded, bewildered and confused)
The ogre resists.
* * * LOW MAGIC WARNING * * *
The ogre closely misses you. The orc closely misses you.
Casting: Ensorcelled Hibernation
Confirm with . or Enter, or press ? or * to list all spells.
Aiming: Ensorcelled Hibernation
Press: ? - help, Shift-Dir - straight line, f/p - ogre
Aim: an ogre, wielding a giant club (moderately wounded, bewildered and confused)
You miscast Ensorcelled Hibernation.
You are very lightly contaminated with residual magic.
Your skin tingles.
* * * LOW MAGIC WARNING * * *
The orc hits you from afar with a trident.
You die...

### #..# ..# #..# #.#
#..# #####.# ##..## ...
...... ....
#..####...########..###.#
.........o.O............#
...# #...########%.# .#.#
###....!oO@...# .#.#
###########.# .#.# #.#
.#.# #.# .#.# #.#
...################.#
....................#
#####################


You could see an ogre (confused) and an orc.

Vanquished Creatures
  2 phantoms (D:4)
  An ogre (D:4)
  A worker ant (D:4)
  Jessica (D:2)
  3 adders
  4 gnolls (D:3)
  A scorpion zombie (D:4)
  4 worms
  3 giant geckos
  An orc (D:4)
  5 giant cockroaches
  3 goblins
  3 hobgoblins
  2 jackals (D:1)
  13 kobolds
  A quokka (D:2)
  8 bats
  2 giant newts
  An orc skeleton (D:4)
  9 rats
68 creatures vanquished.

Notes
Turn   | Place    | Note
--------------------------------------------------------------
     0 | D:1      | PolkaDot, the Vampire Enchanter, began the quest for the Orb.
     0 | D:1      | Reached XP level 1. HP: 13/13 MP: 3/3
   317 | D:1      | Reached XP level 2. HP: 14/19 MP: 4/4
   538 | D:1      | Learned a level 2 spell: Ensorcelled Hibernation
  1170 | D:2      | Reached XP level 3. HP: 24/24 MP: 6/6
  1253 | D:2      | Noticed Jessica
  1260 | D:2      | Killed Jessica
  1581 | D:2      | Reached skill level 1 in Ice Magic
  1581 | D:2      | Reached XP level 4. HP: 30/30 MP: 4/7
  1627 | D:2      | Found a glowing silver altar of Zin.
  1627 | D:2      | Found a snail-covered altar of Cheibriados.
  1825 | D:2      | Learned a level 3 spell: Confuse
  2101 | D:3      | Reached skill level 5 in Stealth
  2101 | D:3      | Reached skill level 5 in Hexes
  2271 | D:3      | Reached XP level 5. HP: 32/35 MP: 9/9
  2647 | D:4      | Reached skill level 6 in Hexes
  2772 | D:4      | Found Oguadipo's Book Emporium.
  2802 | D:4      | Found an opulent altar of Gozag.
  2869 | D:4      | Noticed a phantom
  2914 | D:4      | Killed a phantom
  2914 | D:4      | Reached skill level 7 in Hexes
  2914 | D:4      | Reached XP level 6. HP: 25/41 MP: 7/10
  3066 | D:4      | Noticed a phantom
  3092 | D:4      | Noticed an ogre
  3113 | D:4      | Killed an ogre
  3252 | D:4      | Killed a phantom
  3252 | D:4      | Reached skill level 8 in Hexes
  3378 | D:4      | Noticed an ogre
  3423 | D:4      | Slain by an orc

Action                   |  1- 3 |  4- 6 || total
-------------------------+-------+-------++-------
Melee: Dagger            |    72 |   126 ||   198
 Cast: Corona            |     3 |     1 ||     4
       Ensorcelled Hiber |    11 |    18 ||    29
       Confuse           |       |    11 ||    11
  Use: Scroll            |     3 |     3 ||     6
 Stab: Sleeping          |    15 |    22 ||    37
       Confused          |       |     6 ||     6
